 Dungeon Crawl Stone Soup version 0.29.1-13-g9f3cf754e1 (webtiles) character file.

Game seed: 6279496520951614234

53332 protoss039 the Fighter (level 14, -7/119 HPs)
             Began as a Demonspawn Earth Elementalist on Feb 8, 2023.
             Was an Elder of Vehumet.
             Collided with a metal wall (16 damage)
             ... caused by a wretched star
             ... on level 2 of the Abyss.
             The game lasted 01:02:36 (26437 turns).

protoss039 the Fighter (DsEE)                      Turns: 26437, Time: 01:02:38

Health: -7/119     AC: 14    Str: 19    XL:     14   Next: 30%
Magic:  0/29       EV: 13    Int: 21    God:    Vehumet [****..]
Gold:   1042       SH:  0    Dex: 23    Spells: 17/35 levels left

rFire   + . .      SeeInvis .   T - +7 dagger of the Saviour {venom, +Blink Str+10 Dex+3 Stlth-}
rCold   . . .      Faith    .   (no shield)
rNeg    . . .      Spirit   +   t - +3 leather armour {rF+}
rPois   +          Reflect  .   g - +0 helmet
rElec   .          Harm     .   J - +0 cloak
rCorr   .          Rampage  .   k - +0 pair of gloves
Will    +....      Rage     9%  Q - +0 pair of boots
Stlth   ++........              h - amulet of the acrobat
HPRegen 0.29/turn               i - +6 ring of dexterity
MPRegen 0.42/turn               e - ring of poison resistance

@: mighty, unable to drink
A: rugged brown scales 2, magic shield, magic regeneration, condensation shield,
demonic touch 2, [berserk 2], [no potion heal 2], [inability to drink after
injury 2]
a: Renounce Religion, Evoke Blink


You were on level 2 of the Abyss.
You worshipped Vehumet.
Vehumet was greatly pleased with you.
You visited 3 branches of the dungeon, and saw 20 of its levels.
You visited the Abyss 1 time.
You also visited: Ossuary.

You collected 1396 gold pieces.
You spent 354 gold pieces at shops.

Inventory:

Hand Weapons
 T - the +7 dagger of the Saviour (weapon) {venom, +Blink Str+10 Dex+3 Stlth-}
   (You took it off a spriggan on level 5 of the Lair of Beasts)

   It poisons the flesh of those it strikes.
   Str:       It affects your strength (+10).
   Dex:       It affects your dexterity (+3).
   +Blink:    It lets you blink.
   Stlth:     It makes you less stealthy.
Missiles
 E - a throwing net (quivered)
Armour
 g - a +0 helmet (worn)
 k - a +0 pair of gloves (worn)
 q - +0 steam dragon scales
 t - a +3 leather armour of fire resistance (worn)
 I - +0 acid dragon scales
 J - a +0 cloak (worn)
 Q - a +0 pair of boots (worn)
Jewellery
 e - a ring of poison resistance (right hand)
 h - an amulet of the acrobat (around neck)
 i - a +6 ring of dexterity (left hand)
 N - a ring of ice
 O - a ring of see invisible
 P - a ring of protection from fire
 S - an amulet of reflection
Wands
 y - a wand of digging (8)
 G - a wand of roots (5)
 K - a wand of mindburst (3)
 R - a wand of charming (7)
Scrolls
 a - 5 scrolls of enchant weapon
 d - 7 scrolls of enchant armour
 m - 3 scrolls of immolation
 n - 4 scrolls of blinking
 o - 2 scrolls of identify
 p - 3 scrolls of fear
 s - 6 scrolls of amnesia
 x - 2 scrolls of magic mapping
 B - 2 scrolls of summoning
 F - 2 scrolls of fog
 H - a scroll of brand weapon
 M - a scroll of poison
 U - a scroll of acquirement {unknown}
Potions
 b - 2 potions of magic
 c - 3 potions of heal wounds
 f - 10 potions of flight
 l - 13 potions of curing
 r - 2 potions of lignification
 u - a potion of haste
 v - 2 potions of mutation
 z - 3 potions of brilliance
 A - 5 potions of might
 C - 2 potions of berserk rage
 D - 3 potions of resistance
 L - a potion of cancellation {unknown}


   Skills:
 + Level 11.9 Fighting
 - Level 9.0 Armour
 - Level 3.0 Dodging
 - Level 3.0 Stealth
 + Level 11.1 Spellcasting
 + Level 11.3 Conjurations
 - Level 1.0 Transmutations
 + Level 11.4 Earth Magic


You had 17 spell levels left.
You knew the following spells:

 Your Spells              Type           Power      Damage    Failure   Level
a - Sandblast             Erth           100%       2d20      1%          1
b - Passwall              Tmut/Erth      30%        N/A       1%          2
c - Stone Arrow           Conj/Erth      100%       3d13      1%          3
d - Static Discharge      Conj/Air       35%        3-8/arc   1%          2
e - Ozocubu's Refrigerat  Ice            5%         4d8       100%        7
g - Mephitic Cloud        Conj/Pois/Air  27%        N/A       1%          3

Your spell library contained the following spells:

 Spells                   Type           Power      Damage    Failure   Level
 Freeze                   Ice            44%        1d6       1%          1
 Conjure Flame            Conj/Fire      35%        6-21      1%          3
 Dazzling Flash           Conj/Hex       70%        N/A       1%          3
 Flame Wave               Conj/Fire      35%        2d10      1%          4
 Hailstorm                Conj/Ice       35%        3d9       1%          4
 Sticky Flame             Conj/Fire      35%        2d5       1%          4
 Scorch                   Fire           22%        2d6       2%          2
 Ignite Poison            Fire/Tmut/Pois 13%        N/A       4%          3
 Petrify                  Tmut/Erth      37%        N/A       4%          4
 Frozen Ramparts          Ice            22%        1d4       5%          3
 Apportation              Tloc           22%        N/A       7%          1
 Necrotise                Necr           44%        1d6       7%          1
 Summon Small Mammal      Summ           44%        N/A       7%          1
 Ensorcelled Hibernation  Hex/Ice        22%        N/A       10%         2
 Spider Form              Tmut/Pois      13%        N/A       16%         3
 Gell's Gravitas          Tloc           11%        N/A       21%         3
 Lesser Beckoning         Tloc           11%        N/A       21%         3
 Teleport Other           Tloc           11%        N/A       21%         3
 Anguish                  Hex/Necr       5%         N/A       54%         4
 Alistair's Intoxication  Tmut/Pois      8%         N/A       83%         5
 Agony                    Necr           11%        N/A       88%         5
 Silence                  Hex/Air        5%         N/A       88%         5
 Summon Cactus Giant      Summ           5%         N/A       100%        6


Dungeon Overview and Level Annotations

Branches:
Dungeon (14/15) Zot: 25837  Temple (1/1) D:6 Zot: 5900    Lair (5/5) D:11 Zot: 21993
  Swamp (0/4) Lair:3       Spider (0/4) Lair:3        Slime (0/5) Lair:4
    Orc (0/2) D:12        Ossuary (visited)
 Vaults: D:13-14

Altars:
Ashenzari
Cheibriados
Dithmenos
Fedhas
Gozag
Hepliaklqana
Kikubaaqudgha
Makhleb
Nemelex Xobeh
Okawaru
Qazlal
Ru
Sif Muna
Trog
Uskayaw
Vehumet
Wu Jian
Xom
Yredelemnul
Jiyva

Shops:
D:8 !   D:9 *

Annotations:
D:8 1 transporter
D:10 Fannar
D:12 Snorg
D:13 3 exclusions
Lair:3 3 runed translucent doors, emiel's ghost, journeyman NaFi
Lair:4 3 runed translucent doors, Sapher's ghost, journeyman MeEE


Innate Abilities, Weirdness & Mutations

You are mostly covered in rugged brown scales. (AC +2, +5% HP)
When hurt, damage is shared between your health and your magic reserves.
You regenerate magic rapidly.
A meltable shield of frost defends you. (SH +0)
Your touch may inflict irresistible damage on your foes.
[You have an uncontrollable temper.]
[Potions cannot restore your health.]
[You sometimes lose the ability to drink potions when taking damage.]


Message History

The stone arrow hits the soul eater but does no damage.
The soul eater is severely wounded.
The soul eater draws from the surrounding life force!
* * * LOW HITPOINT WARNING * * *
The soul eater is healed.
Unknown command.
Casting: Stone Arrow (safe; 1% risk of failure)
Confirm with . or Enter, or press ? or * to list all spells.
Aiming: Stone Arrow (safe; 1% risk of failure)
Press: ? - help, Shift-Dir - straight line, f/p - soul eater
Aim: a soul eater (severely wounded, 78% to hit)
The stone arrow hits the soul eater!!
You kill the soul eater!
Vehumet accepts your kill.
You feel your power returning.
Your life force feels restored.
Unknown command.
Casting: Stone Arrow (safe; 1% risk of failure)
Confirm with . or Enter, or press ? or * to list all spells.
You don't have enough magic to cast this spell.
Unknown command.
Unknown command.
Casting: Stone Arrow (safe; 1% risk of failure)
Confirm with . or Enter, or press ? or * to list all spells.
Aiming: Sandblast (safe; 1% risk of failure)
Press: ? - help, Shift-Dir - straight line, f - wretched star
Aim: a wretched star (85% to hit)
Okay, then.
You cannot be healed by potions.
Okay, then.
You have no ailments to cure.
Unknown command.
You feel very mighty all of a sudden.
The wretched star glows turbulently.
The lance of force hits you!
You feel threatened and lose the ability to drink potions!
* * * LOW HITPOINT WARNING * * *
You are knocked back by the lance of force.
You slam into the metal wall!
You die...

#....##
#.#...##.... .
#.......#.##.*..#.
# ..#.##...
#.##...# #.....
...#### #
#...#......#.#.#.
# ...#....### ##
.. .. ..####..####
.# #....### #...#
.. #.##.#@##. ...
. # ##*....# .# .
#....#..#. #
###..# ..# .#.#
#...# .### #. ##


You could see a wretched star.

Vanquished Creatures
  A very ugly thing (Abyss:2)
  Nessos (Lair:2)
  Josephine (D:13)
  A great orb of eyes (Abyss:2)
  3 hydras
  A rakshasa (Abyss:2)
  2 catoblepae
  3 centaur warriors
  3 death yaks (Lair:4)
  2 tengu warriors (D:12)
  A soul eater (Abyss:2)
  2 bog bodies (Lair:3)
  A deep elf pyromancer (D:13)
  4 manticores
  2 ugly things (D:12)
  6 cyclopes
  Joseph (D:8)
  6 elephants (Lair:5)
  2 black mambas
  9 cane toads
  Maggie (D:7)
  2 smoke demons
  A gargoyle (D:13)
  An unseen horror (D:10)
  2 kobold demonologists
  A freezing wraith (D:14)
  2 komodo dragons (Lair:5)
  5 rime drakes
  2 trolls
  4 dream sheep (Lair:5)
  17 slime creatures
  25 blink frogs
  A centaur simulacrum (D:14)
  6 spriggans (Lair:5)
  2 shadows
  2 vampires
  A wyvern (D:6)
  A ynoxinul (Lair:5)
  7 basilisks
  6 wraiths
  37 yaks
  A large abomination (Lair:5)
  2 steam dragons
  A neqoxec (Abyss:2)
  A chaos spawn (Lair:5)
  11 water moccasins
  2 acid dragons
  A hell hound (D:12)
  A water moccasin (shapeshifter) (Lair:5)
  2 black bears
  4 orc warriors
  4 ogres
  An ice beast (D:8)
  6 centaurs
  11 wolves (Lair:3)
  9 small abominations
  A phantom (D:4)
  3 kobold brigands
  12 bullfrogs
  A necrophage (D:8)
  2 gnoll sergeants
  6 scorpions
  5 killer bees (D:8)
  3 electric eels (D:7)
  5 howler monkeys
  A hound (D:4)
  4 jellies
  9 orc priests
  6 iguanas
  Natasha (thrice) (D:2)
  5 orc wizards
  8 mummies (Ossuary)
  4 adders
  8 gnolls
  A shadow imp (D:5)
  A white imp (D:7)
  2 ufetubi
  4 worms
  A dart slug (D:1)
  30 orcs
  3 bats
  2 endoplasms
  5 giant cockroaches
  9 goblins
  5 hobgoblins
  26 kobolds
  4 quokkas
  9 ball pythons
  3 frilled lizards (D:1)
  2 hobgoblin zombies (Ossuary)
  3 kobold zombies (Ossuary)
  3 orc zombies (Ossuary)
  9 rats
443 creatures vanquished.

Vanquished Creatures (others)
  A bush (Lair:5)
  20 fungi
  32 plants
  7 starspawn tentacles (Abyss:1)
60 creatures vanquished.

Grand Total: 503 creatures vanquished

Notes
Turn   | Place    | Note
-------+----------+-------------------------------------------
     0 | D:1      | protoss039 the Demonspawn Earth Elementalist began the
                  | quest for the Orb.
     0 | D:1      | Reached XP level 1. HP: 13/13 MP: 3/3
    43 | D:1      | Found a faded altar of an unknown god.
   633 | D:1      | Gained mutation: Your touch may inflict minor irresistible
                  | damage on your foes. [demonic ancestry]
   633 | D:1      | Reached XP level 2. HP: 17/20 MP: 1/5
   726 | D:1      | Reached skill level 1 in Fighting
  1308 | D:1      | Reached XP level 3. HP: 26/26 MP: 6/6
  1726 | D:1      | Learned a level 2 spell: Passwall
  1730 | D:1      | Learned a level 3 spell: Stone Arrow
  1981 | D:2      | Noticed Natasha
  1984 | D:2      | Killed Natasha
  1985 | D:2      | Gained mutation: You are partially covered in rugged brown
                  | scales. (AC +1, +3% HP) [demonic ancestry]
  1985 | D:2      | Reached XP level 4. HP: 27/33 MP: 8/8
  2016 | D:2      | Noticed Natasha
  2019 | D:2      | Killed Natasha
  2274 | D:2      | Noticed Natasha
  2281 | D:2      | Killed Natasha
  2507 | D:3      | Reached XP level 5. HP: 39/40 MP: 9/9
  3699 | D:3      | Reached XP level 6. HP: 48/48 MP: 5/11
  4113 | D:4      | Noticed a water moccasin
  4121 | D:4      | Killed a water moccasin
  4122 | D:4      | Reached skill level 1 in Transmutations
  4122 | D:4      | Gained mutation: You regenerate magic rapidly. [demonic
                  | ancestry]
  4122 | D:4      | Reached XP level 7. HP: 38/54 MP: 5/13
  4303 | D:4      | Reached skill level 1 in Conjurations
  4392 | D:4      | Found an ornate altar of the Wu Jian Council.
  5022 | D:5      | Entered Level 5 of the Dungeon
  5184 | D:5      | Reached skill level 5 in Earth Magic
  5187 | D:5      | Gained mutation: A meltable shield of frost defends you.
                  | (SH +0) [demonic ancestry]
  5187 | D:5      | Reached XP level 8. HP: 46/62 MP: 9/14
  5831 | D:5      | Reached skill level 5 in Fighting
  5831 | D:5      | Reached skill level 5 in Spellcasting
  6010 | D:6      | Found a staircase to the Ecumenical Temple.
  6045 | Temple   | Entered the Ecumenical Temple
  6134 | Temple   | Became a worshipper of Vehumet
  6172 | D:6      | Reached skill level 1 in Armour
  6633 | D:6      | Reached XP level 9. HP: 35/71 MP: 3/17
  6925 | D:6      | Found a shadowy altar of Dithmenos.
  7281 | D:7      | Found a sand-covered staircase.
  7287 | Ossuary  | Entered an ossuary
  7340 | Ossuary  | Reached * piety under Vehumet
  7340 | Ossuary  | Offered knowledge of Magic Dart by Vehumet.
  7643 | D:7      | Noticed a kobold demonologist
  7652 | D:7      | Noticed an ice devil
  7653 | D:7      | Noticed a rust devil
  7653 | D:7      | Killed a kobold demonologist
  7804 | D:7      | HP: 1/71 [electric eel/bolt of electricity (4)]
  8347 | D:7      | Noticed Maggie
  8354 | D:7      | Killed Maggie
  8414 | D:7      | Noticed a troll
  8555 | D:7      | Killed a troll
  8556 | D:7      | Reached skill level 5 in Conjurations
  8614 | D:8      | Found Qyboerr's Distillery.
  8617 | D:8      | Bought a potion of heal wounds for 55 gold pieces
  8617 | D:8      | Bought a potion of flight for 33 gold pieces
  8617 | D:8      | Bought a potion of curing for 33 gold pieces
  8617 | D:8      | Bought a potion of resistance for 110 gold pieces
  8658 | D:8      | Noticed Joseph
  8931 | D:8      | Found a transporter.
  9055 | D:8      | Offered knowledge of Shock by Vehumet.
  9062 | D:8      | Reached ** piety under Vehumet
  9065 | D:8      | Gained mutation: When hurt, damage is shared between your
                  | health and your magic reserves. [demonic ancestry]
  9065 | D:8      | Reached XP level 10. HP: 76/79 MP: 11/19
  9066 | D:8      | Found a blossoming altar of Fedhas.
  9379 | D:8      | Killed Joseph
  9859 | D:9      | Found a sparkling altar of Nemelex Xobeh.
  9861 | D:9      | Found a broken altar of Ashenzari.
  9928 | D:9      | Found Settaduk's Superlative Supplies.
  9969 | D:9      | Bought a scroll of summoning for 123 gold pieces
 10199 | D:9      | Found an iron altar of Okawaru.
 10200 | D:9      | Found a basalt altar of Yredelemnul.
 10337 | D:10     | Entered Level 10 of the Dungeon
 10504 | D:10     | Offered knowledge of Static Discharge by Vehumet.
 10727 | D:10     | Noticed Fannar
 10829 | D:10     | Noticed a manticore
 10944 | D:10     | Killed a manticore
 11203 | D:10     | Reached skill level 5 in Armour
 11824 | D:11     | Noticed a cyclops
 11831 | D:11     | Killed a cyclops
 11849 | D:11     | Noticed a cyclops
 11852 | D:11     | Gained mutation: Your touch may inflict irresistible damage
                  | on your foes. [demonic ancestry]
 11852 | D:11     | Reached XP level 11. HP: 59/88 MP: 13/22
 12274 | D:11     | Identified the +7 short sword "Japub" {freeze, rC+ Str-5
                  | Dex+6}
 12772 | D:11     | Found a staircase to the Lair.
 13006 | D:12     | Noticed a green ugly thing
 13013 | D:12     | Killed a green ugly thing
 13327 | D:12     | Reached *** piety under Vehumet
 13362 | D:12     | Noticed a tengu warrior
 13362 | D:12     | Noticed a tengu warrior
 13381 | D:12     | Killed a tengu warrior
 13435 | D:12     | Killed a tengu warrior
 14146 | D:12     | Noticed a green ugly thing
 14151 | D:12     | Killed a green ugly thing
 14274 | D:12     | Found a staircase to the Orcish Mines.
 14536 | D:12     | Noticed Snorg
 14991 | D:12     | Learned a level 2 spell: Static Discharge
 15380 | D:13     | Noticed a deep elf pyromancer
 15383 | D:13     | Killed a deep elf pyromancer
 15449 | D:13     | Reached XP level 12. HP: 74/97 MP: 24/24
 15606 | D:13     | Noticed Josephine
 15620 | D:13     | Noticed a centaur warrior
 16124 | D:13     | Noticed a catoblepas
 16129 | D:13     | Offered knowledge of Mephitic Cloud by Vehumet.
 16138 | D:13     | Killed a catoblepas
 16143 | D:13     | Learned a level 3 spell: Mephitic Cloud
 16363 | D:13     | Killed a centaur warrior
 16376 | D:13     | Killed Josephine
 16903 | D:14     | Noticed a centaur warrior
 16917 | D:14     | Killed a centaur warrior
 17012 | D:14     | Noticed a centaur warrior
 17015 | D:14     | Noticed a centaur warrior
 17151 | D:13     | HP: 3/99 [very large slime creature (51)]
 17752 | D:14     | Found an ornate altar of the Wu Jian Council.
 17834 | D:14     | Reached skill level 10 in Fighting
 17953 | D:14     | Killed a centaur warrior
 18053 | Lair:1   | Entered Level 1 of the Lair of Beasts
 18268 | Lair:1   | Reached **** piety under Vehumet
 19439 | Lair:2   | Offered knowledge of Airstrike by Vehumet.
 19964 | Lair:2   | Reached skill level 10 in Earth Magic
 19964 | Lair:2   | Reached XP level 13. HP: 42/107 MP: 15/26
 20444 | Lair:3   | Noticed Nessos
 20454 | Lair:2   | Killed Nessos
 20900 | Lair:3   | Found a hole to the Spider Nest.
 20975 | Lair:3   | Found a staircase to the Swamp.
 21310 | Lair:3   | Reached skill level 10 in Spellcasting
 21532 | Lair:3   | Found a runed translucent gate.
 21532 | Lair:3   | Found a runed translucent gate.
 21532 | Lair:3   | Found a runed translucent gate.
 21535 | Lair:3   | Noticed emiel's ghost (journeyman NaFi)
 21615 | Lair:3   | Reached skill level 10 in Conjurations
 22006 | Lair:4   | Reached ***** piety under Vehumet
 22070 | Lair:4   | Found a runed translucent gate.
 22070 | Lair:4   | Found a runed translucent gate.
 22070 | Lair:4   | Found a runed translucent gate.
 22092 | Lair:4   | Offered knowledge of Ozocubu's Refrigeration by Vehumet.
 22569 | Lair:4   | You fall into a shaft and drop 1 floor!
 22569 | Lair:5   | Entered Level 5 of the Lair of Beasts
 22710 | Lair:4   | Found a staircase to the Slime Pits.
 22710 | Lair:4   | Found a viscous altar of Jiyva.
 23029 | Lair:4   | Noticed Sapher's ghost (journeyman MeEE)
 23031 | Lair:4   | Noticed a minotaur
 23116 | Lair:4   | Learned a level 7 spell: Ozocubu's Refrigeration
 24536 | Lair:5   | Identified the +7 dagger of the Saviour {venom, +Blink
                  | Str+10 Dex+3 Stlth-}
 25229 | Lair:5   | Gained mutation: You are mostly covered in rugged brown
                  | scales. (AC +2, +5% HP) [demonic ancestry]
 25229 | Lair:5   | Reached XP level 14. HP: 109/118 MP: 19/28
 26003 | Abyss:1  | Cast into level 1 of the Abyss (spriggan)
 26015 | Abyss:1  | Noticed a tentacled starspawn
 26051 | Abyss:1  | Noticed a starcursed mass
 26111 | Abyss:2  | Noticed a green very ugly thing
 26119 | Abyss:2  | Noticed a balrug
 26143 | Abyss:2  | Noticed a tentacled starspawn
 26150 | Abyss:2  | Noticed a dread lich
 26172 | Abyss:2  | Paralysed by something for 4 turns
 26269 | Abyss:2  | Noticed a green very ugly thing
 26276 | Abyss:2  | Killed a green very ugly thing
 26284 | Abyss:2  | Found a viscous altar of Jiyva.
 26300 | Abyss:2  | Noticed a balrug
 26329 | Abyss:2  | Noticed a bone dragon
 26347 | Abyss:2  | Noticed a tentacled starspawn
 26360 | Abyss:2  | Noticed a bone dragon
 26437 | Abyss:2  | Collided with a metal wall

Illustrated notes

Levels and vault maps discovered:
D:1:      wander_arrival_chamber, layout_loops_corners,
          dreamdust_ecumenical_altar_statues
D:2:      layout_rooms, kennysheep_generic_room_6, uniq_natasha
D:3:      layout_loops_cross, kennysheep_orc_chapel
D:4:      layout_loops_ring, mainiacjoe_overflow_cross_hatched
D:5:      layout_rooms
D:6:      layout_basic, grunt_dithmenos_smoke, minmay_temple_entry_mist
D:7:      layout_rooms, nicolae_ossuary_entry_plus, hangedman_decor_points,
          minivault_14, uniq_maggie
D:8:      layout_basic, mainiacjoe_overflow_catwalk, nicolae_stop_n_shop_1,
          nicolae_diode_basic, uniq_joseph
D:9:      layout_gridville, grunt_temple_overflow_open, wad_floor_pattern_2,
          nicolae_alphabet_shops
D:10:     layout_loops_cross, serial_rivers, chequers_serial_rivers_room_b,
          chequers_serial_rivers_large_b, chequers_serial_rivers_micro_b,
          chequers_serial_rivers_room_a, serial_park_tiny_1, uniq_fannar
D:11:     layout_rooms, lair_entry_dummy
D:12:     layout_loops_ring, orc_0_dummy, minmay_rotating_lava, uniq_snorg
D:13:     layout_loops_corners, uniq_josephine
D:14:     layout_big_octagon, grunt_vaults_entry_tiered, serial_park_gazebo
          [serial_park_minivault_5x5_6], nzn_wu_jian_contemplation
Temple:   nicolae_temple_great_sept
Lair:1:   layout_regular_city
Lair:2:   layout_big_grid, chequers_serial_rivers_room_b,
          eino_small_chamber_without_monster
Lair:3:   layout_cave_pods, skrybe_swamp_entry_bodies,
          nicolae_spider_entry_non_spiders, ebering_ghost_rock_garden,
          st_stairs_3, infiniplex_staircase_pool_2, grunt_megastairs_2,
          lemuel_fruit_tree, serial_bayou_shore_b, uniq_nessos
Lair:4:   layout_roguey, slime_entry_1, maelrawn_ghost_gauntlet_escape,
          minivault_24, patterned_corridor
Lair:5:   hellmonk_lair_end_abyssal_woods, layout_cave_pods, minmay_hedge_maze,
          wad_woods_01
Abyss:2:  base: Lair:3, evilmike_abyss_exit_12, minivault_27,
          hangedman_abyss_feature_spike, hangedman_abyss_sting, minivault_23

Skill      XL: |  1  2  3  4  5  6  7  8  9 10 11 12 13 14 |
---------------+-------------------------------------------+-----
Fighting       | 1 2 3 4 5 6 8 9 10 11 | 11.9
Earth Magic    | 3 4 5 6 7 9 10 11 | 11.4
Spellcasting   | 3 4 5 6 7 8 9 10 11 | 11.1
Dodging        | 2 3 |  3.0
Stealth        | 2 3 |  3.0
Transmutations | 1 |  1.0
Conjurations   | 2 4 5 6 8 9 10 11 | 11.3
Armour         | 2 3 5 6 8 9 |  9.0

Action                   |  1- 3 |  4- 6 |  7- 9 | 10-12 | 13-15 || total
-------------------------+-------+-------+-------+-------+-------++-------
Melee: Dagger            |    50 |    45 |    27 |   147 |    75 ||   344
       Unarmed           |     2 |       |       |       |       ||     2
       Touch             |    10 |     8 |     9 |    68 |    40 ||   135
       Punch             |       |       |       |     1 |     4 ||     5
       Rapier            |       |       |       |    65 |    86 ||   151
Throw: Throwing net      |       |       |       |     2 |       ||     2
 Cast: Sandblast         |    22 |    44 |    79 |    93 |    32 ||   270
       Stone Arrow       |       |     3 |   102 |   264 |   244 ||   613
       Passwall          |       |       |     1 |     9 |     2 ||    12
       Mephitic Cloud    |       |       |       |     9 |     9 ||    18
       Static Discharge  |       |       |       |     3 |    16 ||    19
Evoke: Wand              |       |       |       |     2 |     2 ||     4
  Use: Scroll            |       |     7 |     6 |    15 |     6 ||    34
       Potion            |       |       |     2 |       |    11 ||    13
 Stab: Sleeping          |     7 |     4 |       |     1 |       ||    12
       Confused          |       |       |       |       |     4 ||     4
Armor: Robe              |     9 |    22 |     1 |       |       ||    32
       Leather armour    |       |       |    35 |   161 |   152 ||   348
Dodge: Dodged            |    32 |    48 |    96 |   322 |   280 ||   778
Block: Other             |       |       |    15 |    66 |    56 ||   137
